 Dungeon Crawl Stone Soup version 0.29.1-1-gd02db6906a (webtiles) character file.

Game seed: 9759709726360275731

509 Linkola the Conjurer (level 6, -3/32 HPs)
             Began as a Deep Elf Conjurer on Oct 15, 2022.
             Was a Follower of Vehumet.
             Killed from afar by an orc wizard (4 damage)
             ... with a magic dart
             ... on level 5 of the Dungeon on Oct 21, 2022.
             The game lasted 00:31:54 (5238 turns).

Linkola the Conjurer (Deep Elf Conjurer)            Turns: 5238, Time: 00:31:55

Health: -3/32      AC:  5    Str:  4    XL:     6   Next: 98%
Magic:  0/16       EV: 13    Int: 31    God:    Vehumet [*.....]
Gold:   311        SH:  0    Dex: 19    Spells: 11/16 levels left

rFire   . . .      SeeInvis +   d - +1 dagger (chaos)
rCold   . . .      Faith    .   (no shield)
rNeg    . . .      Spirit   .   a - +0 robe
rPois   .          Reflect  .   (no helmet)
rElec   .          Harm     .   i - +0 cloak
rCorr   .          Rampage  .   k - +1 pair of gloves
Will    .....                   (no boots)
Stlth   +++.......              (no amulet)
HPRegen 0.10/turn               o - +6 ring of dexterity
MPRegen 0.15/turn               h - ring of Heemio {Int+6 SInv}

@: no status effects
A: no striking features
a: Renounce Religion


You were on level 5 of the Dungeon.
You worshipped Vehumet.
Vehumet was aware of your devotion.
You visited 1 branch of the dungeon, and saw 5 of its levels.

You collected 311 gold pieces.

Inventory:

Hand Weapons
 d - a +1 dagger of chaos (weapon)
Missiles
 m - a boomerang
Armour
 a - a +0 robe (worn)
 i - a +0 cloak (worn)
 k - a +1 pair of gloves (worn)
Jewellery
 h - the ring of Heemio (right hand) {Int+6 SInv}
   (You acquired it on level 2 of the Dungeon)

   [ring of intelligence]

   Int:       It affects your intelligence (+6).
   SInv:      It lets you see invisible.
 o - a +6 ring of dexterity (left hand)
Wands
 p - a wand of charming (2)
Scrolls
 c - 2 scrolls of enchant weapon
 g - a scroll of poison
 l - 2 scrolls of teleportation
Potions
 b - a potion of magic
 e - 2 potions of heal wounds {unknown}
 f - a potion of haste
 j - a potion of resistance {unknown}
 n - a potion of mutation {unknown}


   Skills:
 + Level 2.5 Dodging
 + Level 3.2 Stealth
 + Level 5.8 Spellcasting
 + Level 6.2 Conjurations
 * Level 2.6 Air Magic
 * Level 3.3 Poison Magic


You had 11 spell levels left.
You knew the following spells:

 Your Spells              Type           Power      Damage    Failure   Level
a - Magic Dart            Conj           100%       1d8       1%          1
b - Searing Ray           Conj           94%        2d7       1%          2
c - Poisonous Vapours     Pois/Air       54%        N/A       2%          2

Your spell library contained the following spells:

 Spells                   Type           Power      Damage    Failure   Level
 Sandblast                Erth           18%        2d7       4%          1
 Static Discharge         Conj/Air       36%        3-8/arc   1%          2
 Dazzling Flash           Conj/Hex       56%        N/A       4%          3
 Fulminant Prism          Conj/Hex       14%        3d9       14%         4
 Iskenderun's Mystic Bla  Conj/Tloc      28%        2d7       14%         4
 Lightning Bolt           Conj/Air       18%        1d32      22%         5
 Maxwell's Capacitive Co  Air            12%        ∞         100%        8
 Chain Lightning          Conj/Air       18%        3d24      100%        9


Dungeon Overview and Level Annotations

Branches:
Dungeon (5/15)
 Temple: D:4-7

Altars:
Vehumet
Xom
Yredelemnul
Zin

Shops:
D:1 [

Annotations:
D:5 Prince Ribbit


Message History

Aim: a phantom (severely damaged, 100% to hit)
The magic dart hits the phantom but does no damage.
The phantom is severely damaged.
The phantom hits you but does no damage.
Aiming: Magic Dart (safe; 1% risk of failure)
Press: ? - help, Q - select action, (/) - cycle Shift-Dir - straight line, f/p - phantom
Aim: a phantom (severely damaged, 100% to hit)
The magic dart hits the phantom.
You destroy the phantom!
Vehumet accepts your kill.
An orc comes into view. It is wielding a +0 whip.
The orc wizard points at you and mumbles some strange words.
The magic dart hits you.
* * * LOW HITPOINT WARNING * * *
Aiming: Magic Dart (safe; 1% risk of failure)
Press: ? - help, Q - select action, (/) - cycle Shift-Dir - straight line, f - orc wizard
Aim: an orc wizard, wielding a +0 dagger and wearing a +0 robe (lightly wounded, slightly transparent, 100% to hit)
The magic dart hits the orc wizard.
The orc wizard is severely wounded.
Aiming: Magic Dart (safe; 1% risk of failure)
Press: ? - help, Q - select action, (/) - cycle Shift-Dir - straight line, f/p - orc wizard
Aim: an orc wizard, wielding a +0 dagger and wearing a +0 robe (severely wounded, slightly transparent, 100% to hit)
The magic dart hits the orc wizard but does no damage.
The orc wizard is severely wounded.
Aiming: Magic Dart (safe; 1% risk of failure)
Press: ? - help, Q - select action, (/) - cycle Shift-Dir - straight line, f/p - orc wizard
Aim: an orc wizard, wielding a +0 dagger and wearing a +0 robe (severely wounded, slightly transparent, 100% to hit)
The magic dart hits the orc wizard.
The orc wizard is almost dead.
The orc wizard points at you and mumbles some strange words.
The magic dart hits you!
* * * LOW HITPOINT WARNING * * *
Aiming: Magic Dart (safe; 1% risk of failure)
Press: ? - help, Q - select action, (/) - cycle Shift-Dir - straight line, f/p - orc wizard
Aim: an orc wizard, wielding a +0 dagger and wearing a +0 robe (almost dead, slightly transparent, 100% to hit)
The magic dart hits the orc wizard.
The orc wizard is almost dead.
The orc wizard gestures at you while chanting.
The magic dart hits you.
You die...

#.#.##.# #.#.# #.#..##.
#.#.##.####.#.######.#..##.
#................§o.)......
###.##.####.#.######.##.##.
#.##.# #.#.# #.##.##. #.##.#
#.#.######.##.##. #.##.#
#.#..............
#########.##.####o#..#####.##.##.
................@o.........##.##.
#########.#######................
#########.#########..########....
.....................# #####
###################..# #..# #..#
#..# ####


You could see an orc wizard (invisible) and an orc.

Vanquished Creatures
  An ogre (D:4)
  A phantom (D:5)
  2 hounds
  A gnoll bouda (D:4)
  An iguana (D:4)
  An orc priest (D:5)
  Ijyb (D:5)
  3 gnolls (D:4)
  An adder (D:4)
  A shadow imp (D:5)
  An ufetubus (D:4)
  4 worms
  3 dart slugs
  11 orcs
  7 ball pythons
  8 endoplasms
  2 giant cockroaches
  6 goblins
  15 hobgoblins
  3 quokkas
  4 bats
  5 frilled lizards
  8 kobolds
  7 rats
97 creatures vanquished.

Notes
Turn   | Place    | Note
-------+----------+-------------------------------------------
     0 | D:1      | Linkola the Deep Elf Conjurer began the quest for the Orb.
     0 | D:1      | Reached XP level 1. HP: 10/10 MP: 6/6
    19 | D:1      | Got the Parchment of Clouds and the Black Widow
   211 | D:1      | Reached XP level 2. HP: 15/15 MP: 6/8
   214 | D:1      | Learned a level 2 spell: Searing Ray
   229 | D:1      | Learned a level 2 spell: Poisonous Vapours
   535 | D:1      | Reached skill level 1 in Poison Magic
   570 | D:1      | Reached skill level 5 in Conjurations
   695 | D:1      | Reached XP level 3. HP: 19/19 MP: 7/9
   877 | D:1      | Found Ovaeczah's Armour Emporium.
  1565 | D:2      | Found a faded altar of an unknown god.
  1930 | D:2      | Identified a scroll of acquirement
  1930 | D:2      | Acquired the ring of Heemio {Int+6 SInv}
  2254 | D:3      | Reached XP level 4. HP: 24/24 MP: 2/11
  2420 | D:3      | Found a radiant altar of Vehumet.
  2420 | D:3      | Found a basalt altar of Yredelemnul.
  2423 | D:3      | Found a glowing silver altar of Zin.
  2428 | D:3      | Became a worshipper of Vehumet
  2435 | D:3      | Reached skill level 1 in Air Magic
  3357 | D:4      | Noticed an ogre
  3363 | D:4      | Killed an ogre
  3364 | D:4      | Reached XP level 5. HP: 28/28 MP: 4/13
  3531 | D:4      | Reached XP level 6. HP: 31/32 MP: 3/15
  4099 | D:4      | Reached skill level 5 in Spellcasting
  4389 | D:4      | Found a shimmering altar of Xom.
  4438 | D:4      | Reached * piety under Vehumet
  4438 | D:4      | Offered knowledge of Sandblast by Vehumet.
  4629 | D:5      | Entered Level 5 of the Dungeon
  4638 | D:5      | Reached skill level 6 in Conjurations
  4814 | D:5      | Noticed Ijyb
  4827 | D:5      | Killed Ijyb
  4862 | D:5      | Noticed Prince Ribbit
  5237 | D:5      | HP: 1/32 [orc wizard/magic dart (7)]
  5238 | D:5      | Killed from afar by an orc wizard

Illustrated notes

Levels and vault maps discovered:
D:1:      saegor_arrival_simple_d, layout_basic, serial_shops,
          nicolae_shop_behind_doors, grunt_decor_junction, minmay_pentomino_u4
D:2:      layout_basic, hellmonk_ecumenical_altar_run_dry, st_stairs_6,
          feat_on_display
D:3:      layout_loops_cross, grunt_temple_overflow_open
D:4:      layout_basic, tgw_xom
D:5:      layout_basic, elyvilon_altar_5, gammafunk_ghost_mausoleum,
          serial_glass, glass_columns_c, glass_columns_a, uniq_ijyb,
          uniq_prince_ribbit1

Skill      XL: |  1  2  3  4  5  6 |
---------------+-------------------+-----
Poison Magic   | 1 2 3 |  3.3
Conjurations   | 5 6 |  6.2
Air Magic      | 1 2 |  2.6
Spellcasting   | 4 5 |  5.8
Stealth        | 3 |  3.2
Dodging        | |  2.5

Action                   |  1- 3 |  4- 6 || total
-------------------------+-------+-------++-------
Melee: Unarmed           |     2 |       ||     2
 Cast: Magic Dart        |    82 |    77 ||   159
       Searing Ray       |     3 |    18 ||    21
       Poisonous Vapours |     5 |    16 ||    21
  Use: Scroll            |     9 |     3 ||    12
       Potion            |       |     6 ||     6
Armor: Robe              |     1 |     2 ||     3
Dodge: Dodged            |     2 |    14 ||    16
